AoeStats
← ITA | Raffy

Baltic

510392276Analyzed
4v4 RM · 17h ago on Sep 30, 2026· 40m 19s· 8 players
Game mode
Random Map
Map size
Large (8 player)
Population
200
Speed
Normal
Resources
Standard
Victory
Conquest
Starting age
Dark Age
Ending age
Imperial Age
RankedLock teamsTeams togetherTeam positionsShared explorationLock speedFull tech treeHidden civsTurbo modeCheats
Victory
Defeat
🇮🇹 Varangians · Italy
1446
+11
🇮🇹 Vikings · Italy
1388
+13
🇮🇹 Italians · Italy
1302
+17
🇮🇹 Malians · Italy
1276
+17
🇪🇸 Varangians · Spain
1358
-16
🇩🇪 Ethiopians · Germany
1343
-15
🇩🇪 Cumans · Germany
1312
-14
1289
-13
CARANZA
4:06 Loom
11:07 Feudal Age
11:36 Double-Bit Axe
15:20 Fletching
16:53 Wheelbarrow
21:36 Horse Collar
25:52 Castle Age
25:42 Bloodlines
25:56 Gold Mining
27:59 Hand Cart
28:57 Bow Saw
29:11 Heavy Plow
30:33 Husbandry
31:54 Forging
33:04 Fervor
34:08 Stone Mining
39:52 Imperial Age
36:46 Vendel Legacy
IchBinNedDerDracheVerdammteAggsd
2:25 Loom
5:53 Loom
9:45 Feudal Age
14:50 Fletching
18:11 Horse Collar
25:54 Castle Age
24:55 Wheelbarrow
26:59 Bodkin Arrow
27:55 Forging
27:46 Scale Mail Armor
28:28 Double-Bit Axe
29:35 Chain Mail Armor
32:58 Hand Cart
32:59 Town Watch
34:39 Iron Casting
34:20 Bow Saw
35:14 Squires
35:00 Arson
41:01 Imperial Age
Agent
8:07 Loom
10:17 Feudal Age
18:45 Double-Bit Axe
20:12 Fletching
20:22 Padded Archer Armor
25:15 Castle Age
24:04 Wheelbarrow
23:59 Horse Collar
25:49 Scale Mail Armor
27:33 Chain Mail Armor
38:16 Imperial Age
38:19 Elite Skirmisher
Ace
10:00 Feudal Age
11:22 Wheelbarrow
10:37 Double-Bit Axe
10:32 Horse Collar
20:16 Castle Age
19:55 Scale Barding Armor
20:01 Forging
20:46 Bloodlines
28:47 Bow Saw
28:28 Gold Mining
34:42 Imperial Age
33:06 Fervor
33:34 Chain Barding Armor
34:55 Iron Casting
34:40 Pikeman
35:23 Scale Mail Armor
36:00 Plate Barding Armor
36:52 Conscription
35:57 Halberdier
36:54 Chain Mail Armor
38:06 Blast Furnace
36:41 Cavalier
38:17 Guilds
[ALTF4] MuraZ
11:59 Feudal Age
10:15 Loom
12:38 Fishing Lines
14:08 Fletching
16:58 Castle Age
15:46 Double-Bit Axe
17:56 Medium Warships
17:44 Bodkin Arrow
22:07 Bow Saw
22:02 Crossbowman
27:48 Gillnets
28:35 Padded Archer Armor
32:04 Imperial Age
29:23 Loom
29:24 Town Watch
29:48 Horse Collar
30:01 Gold Mining
32:44 Masonry
33:55 Chemistry
34:27 Thumb Ring
34:30 Bracer
35:07 Ballistics
35:19 Architecture
34:45 Murder Holes
35:10 Padded Archer Armor
37:14 Leather Archer Armor
38:14 Fortified Wall
38:26 Bombard Tower
38:10 Elite Genoese Crossbowman
Roar
9:43 Loom
12:57 Feudal Age
14:25 Fishing Lines
15:03 Double-Bit Axe
19:58 Castle Age
20:24 Fletching
33:52 Fortified Wall
33:59 Bow Saw
33:59 Town Watch
36:00 Gillnets
36:19 Horse Collar
38:25 Heavy Plow
Catipan Dixlesya
8:04 Loom
10:12 Feudal Age
10:47 Double-Bit Axe
14:31 Wheelbarrow
14:40 Fletching
21:15 Castle Age
21:57 Bodkin Arrow
25:06 Bow Saw
25:04 Horse Collar
24:53 Pikeman
25:43 Scale Mail Armor
26:22 Squires
31:51 Hand Cart
31:52 Gold Mining
31:53 Stone Mining
33:55 Chain Mail Armor
33:28 Arson
35:50 Coinage
35:21 Caravan
39:42 Imperial Age
36:58 Town Watch
38:59 Masonry
39:47 Ballistics
40:17 Forging
39:33 Man-at-Arms
39:46 Gothikon
40:52 Conscription
40:12 Elite Varangian Guard
ITA | Raffy
7:33 Loom
9:48 Feudal Age
10:32 Double-Bit Axe
12:12 Horse Collar
13:53 Scale Barding Armor
14:03 Fishing Lines
19:41 Castle Age
18:07 Bloodlines
18:38 Forging
18:23 Gold Mining
18:44 Stone Mining
20:43 Chain Barding Armor
19:45 Light Cavalry
21:42 Husbandry
23:52 Bow Saw
25:17 Wheelbarrow
33:53 Imperial Age
31:40 Hand Cart
33:00 Iron Casting
34:39 Gold Shaft Mining
33:55 Heavy Camel Rider
34:54 Farimba
36:16 Plate Barding Armor
37:21 Conscription
37:36 Cavalier
Connection lost

Rejoining the realm…

Still unreachable

The connection could not be restored.

Session expired

The server has moved on; the page needs a fresh start.